Connexion

ANAHEIM Ducks vs LOS ANGELES Kings (R5)

Created - 23 septembre 2023 at 05:41

Goals
1 2 3 T
ANAHEIM Ducks 2 0 3 5
LOS ANGELES Kings 2 2 2 6
Shots
1 2 3 T
ANAHEIM Ducks 10 4 11 25
LOS ANGELES Kings 6 11 8 25

GoalsPenalties
1st period
1. ANAHEIM Ducks , Elias Lindholm 10 (Alexis Lafreniere 9, David Savard 13) at 1:53
2. LOS ANGELES Kings , Mats Zuccarello 10 (Jonathan Drouin 11, Brayden Schenn 7) at 2:05
3. LOS ANGELES Kings , Nick Foligno 4 (Brandon Montour 8, Adam Fox 13) at 17:04
4. ANAHEIM Ducks , Andrew Mangiapane 7 (Caleb Jones 7, Evan Rodrigues 9) at 18:29 (PP)
Thomas Chabot (L.A) for Slashing (Minor) at 12:11
Brayden Schenn (L.A) for Tripping (Minor) at 17:05
Dakota Joshua (ANA) for Hooking (Minor) at 19:17
2nd period
5. LOS ANGELES Kings , Mats Zuccarello 11 (Aaron Ekblad 9, Brandon Montour 9) at 12:08 (PP)
6. LOS ANGELES Kings , Mats Zuccarello 12 (Brayden Schenn 8, Adam Fox 14) at 19:56
David Savard (ANA) for Holding (Minor) at 1:17
Dakota Joshua (ANA) for Holding (Minor) at 10:47
Elias Lindholm (ANA) for Hooking (Minor) at 12:20
Chandler Stephenson (L.A) for Close Hand On Puck (Minor) at 17:42
3rd period
7. ANAHEIM Ducks , Gustav Forsling 2 (Lars Eller 1, Dakota Joshua 3) at 6:25
8. ANAHEIM Ducks , Evan Rodrigues 9 (Andrew Mangiapane 11, Jordan Oesterle 4) at 6:48
9. LOS ANGELES Kings , Jonathan Drouin 5 (Aaron Ekblad 10) at 7:43 (PP)
10. LOS ANGELES Kings , Jonathan Drouin 6 (Brayden Schenn 9, Mats Zuccarello 8) at 15:58
11. ANAHEIM Ducks , Elias Lindholm 11 (Kiefer Sherwood 6) at 18:49 (PP)
Caleb Jones (ANA) for Holding (Minor) at 0:43
Jordan Staal (L.A) for Slashing (Minor) at 1:42
Alexis Lafreniere (ANA) for Slashing (Minor) at 6:50
Aaron Ekblad (L.A) for Cross-checking (Minor) at 17:53
Goalie Stats
Robin Lehner (ANA), 19 saves from 25 shots - (0,760), L, 7-7-1, 59:22 minutes
Samuel Montembeault (L.A), 20 saves from 25 shots - (0,800), W, 6-9-2, 60:00 minutes
3 StarsOfficial
1 - Mats Zuccarello (L.A)
2 - Jonathan Drouin (L.A)
3 - Elias Lindholm (ANA)
Referees : Kevin Pollock and Mike Leggo
Linesman : Dan Schachte and Brian Murphy
Game Note
Mats Zuccarello has scored a Hat Trick!
Finance
Level 1 -- Attendance: 5823 (97,05%) -- Ticket Income 786 105 $
Level 2 -- Attendance: 4252 (83,08%) -- Ticket Income 382 680 $
Level 3 -- Attendance: 1583 (79,15%) -- Ticket Income 94 980 $
Level 4 -- Attendance: 2979 (74,48%) -- Ticket Income 119 160 $
Luxury Box -- Attendance: 927 (92,70%) -- Ticket Income 213 210 $
Game was played at the Staples Center.
Total Attendance: 15564 (85,90%)
Total Ticket Income: 1 596 135 $
Other Income: 319 227 $
Total Income: 1 915 362 $



Team Name Goals Shots Shots Attemp Shots Blocked PIM HIT PP PK FO%
ANAHEIM Ducks 52567712352 / 5 (40%)238%
LOS ANGELES Kings 625571010252 / 6 (33%)262%

ANAHEIM Ducks
Player Name POS G A P +/- PIM HIT SHT SB MP PP MP PP SHT PK MP PK SHT FO% FOT
Alexis LafreniereLW0111264021:114:3920:0000% 3
Andrew MangiapaneLW112-1002015:202:3820:0000% 1
Caleb JonesD0110200025:104:3004:2500% 0
Colton SissonsC/LW/RW000-1021013:380:0006:02050% 18
Dakota JoshuaC011043016:400:0000:00025% 12
Daniel SprongLW/RW000-1013110:440:0003:081100% 1
David SavardD0110291323:584:3013:1300% 0
Dylan DemeloD000-1010013:040:0001:1200% 0
Elias LindholmC/RW2021233021:114:3920:00037% 27
Evan RodriguesC/LW/RW112-1011016:132:3800:00036% 22
Gustav ForslingD1010003022:572:4724:4500% 0
Jordan OesterleD011-1030011:520:0000:0000% 0
Justin HollD0000042222:572:4724:4500% 0
Kiefer SherwoodC/LW/RW011-1021020:294:3903:08067% 6
Lars EllerC/LW0110001011:440:0006:0200% 0
Phil Di GiuseppeLW/RW000-100007:360:0000:0000% 0
Sam KurkerRW000000106:420:0000:0000% 1
Sonny MilanoLW/RW0001002018:182:3800:0000% 0
LOS ANGELES Kings
Player Name POS G A P +/- PIM HIT SHT SB MP PP MP PP SHT PK MP PK SHT FO% FOT
Aaron EkbladD0220211120:373:1712:4000% 0
Adam FoxD0221024023:115:5331:0800% 0
Arber XhekajD0000010117:030:0004:2700% 0
Brandon MontourD0221010219:553:1702:5700% 0
Brayden SchennC/LW/RW0333210019:024:2300:00063% 27
Chandler StephensonC/LW000-1212018:194:2300:0000% 0
Derek ForbortD0000060012:420:0000:0000% 0
Jesse YlonenRW000-100008:180:0000:0000% 0
Jonathan DrouinLW/RW2133014018:284:4720:0000% 2
Jordan StaalC000-1210115:414:4602:43057% 21
Mats ZuccarelloLW/RW3143005119:514:2310:0000% 2
Mika ZibanejadC/LW/RW000-1021018:454:4700:000100% 1
Nick BoninoC/LW0000001110:400:0004:03080% 10
Nick FolignoC/LW/RW101-1042011:320:0003:14050% 4
Nicolas RoyC000-1022017:500:0004:34065% 17
Ryan PoehlingC000000206:370:0000:00071% 7
Thomas ChabotD0000220326:305:5303:2200% 0
Zack KassianRW000000106:370:0000:0000% 0



Play-by-Play

1st period


0:01 of 1st period - Brayden Schenn wins face-off versus Elias Lindholm in neutral zone.
0:19 of 1st period - Off-side.
0:20 of 1st period - Nicolas Roy wins face-off versus Evan Rodrigues in neutral zone.
0:43 of 1st period - Shot by Kiefer Sherwood.
0:43 of 1st period - Shot Misses the Net.
1:05 of 1st period - Shot by Kiefer Sherwood.
1:05 of 1st period - Shot Misses the Net.
1:32 of 1st period - Shot by Colton Sissons.
1:32 of 1st period - Shot Misses the Net.
1:34 of 1st period - Shot by Colton Sissons.
1:34 of 1st period - Stopped by Samuel Montembeault without a rebound.
1:35 of 1st period - Jordan Staal wins face-off versus Elias Lindholm in LOS ANGELES Kings zone.
1:35 of 1st period - Jordan Staal is hit by Alexis Lafreniere.
1:51 of 1st period - Shot by Alexis Lafreniere.
1:51 of 1st period - Shot Blocked by Jordan Staal.
1:53 of 1st period - Shot by Elias Lindholm.
1:53 of 1st period - Goal by Elias Lindholm - ANAHEIM Ducks : 1 - LOS ANGELES Kings : 0.
1:54 of 1st period - Brayden Schenn wins face-off versus Dakota Joshua in neutral zone.
1:58 of 1st period - Brayden Schenn is hit by Jordan Oesterle and loses puck.
2:05 of 1st period - Shot by Jonathan Drouin.
2:05 of 1st period - Deflect By Mats Zuccarello.
2:05 of 1st period - Goal by Mats Zuccarello - ANAHEIM Ducks : 1 - LOS ANGELES Kings : 1.
2:06 of 1st period - Nick Bonino wins face-off versus Elias Lindholm in neutral zone.
2:32 of 1st period - Sonny Milano is hit by Arber Xhekaj and loses puck.
2:59 of 1st period - Brayden Schenn is hit by Alexis Lafreniere.
3:13 of 1st period - Shot by Mats Zuccarello.
3:13 of 1st period - Shot Misses the Net.
3:39 of 1st period - Shot by Jonathan Drouin.
3:39 of 1st period - Shot Misses the Net.
3:58 of 1st period - Brandon Montour is hit by David Savard and loses puck.
4:20 of 1st period - Shot by Brandon Montour.
4:20 of 1st period - Shot Misses the Net.
4:25 of 1st period - Jordan Staal is hit by David Savard and loses puck.
4:38 of 1st period - Shot by Nicolas Roy.
4:38 of 1st period - Shot Blocked by David Savard.
4:40 of 1st period - Shot by Mika Zibanejad.
4:40 of 1st period - Stopped by Robin Lehner without a rebound.
4:41 of 1st period - Evan Rodrigues wins face-off versus Nicolas Roy in ANAHEIM Ducks zone.
4:41 of 1st period - Evan Rodrigues is hit by Chandler Stephenson.
5:13 of 1st period - Shot by Kiefer Sherwood.
5:13 of 1st period - Stopped by Samuel Montembeault without a rebound.
5:14 of 1st period - Colton Sissons wins face-off versus Jonathan Drouin in LOS ANGELES Kings zone.
5:15 of 1st period - Shot by Daniel Sprong.
5:15 of 1st period - Shot Misses the Net.
5:18 of 1st period - Icing by Thomas Chabot.
5:19 of 1st period - Brayden Schenn wins face-off versus Colton Sissons in LOS ANGELES Kings zone.
5:27 of 1st period - Icing by Aaron Ekblad.
5:28 of 1st period - Colton Sissons wins face-off versus Brayden Schenn in LOS ANGELES Kings zone.
5:28 of 1st period - Dylan Demelo is hit by Aaron Ekblad and loses puck.
5:36 of 1st period - Off-side.
5:37 of 1st period - Brayden Schenn wins face-off versus Evan Rodrigues in neutral zone.
5:40 of 1st period - Evan Rodrigues is hit by Brayden Schenn and loses puck.
5:51 of 1st period - Shot by Kiefer Sherwood.
5:51 of 1st period - Shot Misses the Net.
6:01 of 1st period - Shot by Andrew Mangiapane.
6:01 of 1st period - Shot Misses the Net.
6:03 of 1st period - Shot by Andrew Mangiapane.
6:03 of 1st period - Deflect By Evan Rodrigues.
6:03 of 1st period - Shot Misses the Net.
6:50 of 1st period - Shot by Nick Foligno.
6:50 of 1st period - Shot Misses the Net.
7:01 of 1st period - Jesse Ylonen is hit by Colton Sissons and loses puck.
7:37 of 1st period - Icing by Jordan Oesterle.
7:38 of 1st period - Nicolas Roy wins face-off versus Elias Lindholm in ANAHEIM Ducks zone.
8:15 of 1st period - Icing by Dylan Demelo.
8:16 of 1st period - Brayden Schenn wins face-off versus Elias Lindholm in ANAHEIM Ducks zone.
8:27 of 1st period - Shot by Alexis Lafreniere.
8:27 of 1st period - Deflect By Sonny Milano.
8:27 of 1st period - Stopped by Samuel Montembeault without a rebound.
8:28 of 1st period - Nick Bonino wins face-off versus Dakota Joshua in LOS ANGELES Kings zone.
8:33 of 1st period - Shot by Sam Kurker.
8:33 of 1st period - Stopped by Samuel Montembeault without a rebound.
8:34 of 1st period - Brayden Schenn wins face-off versus Dakota Joshua in LOS ANGELES Kings zone.
8:43 of 1st period - Shot by Brayden Schenn.
8:43 of 1st period - Shot Misses the Net.
9:13 of 1st period - Shot by Mats Zuccarello.
9:13 of 1st period - Stopped by Robin Lehner without a rebound.
9:14 of 1st period - Nicolas Roy wins face-off versus Evan Rodrigues in ANAHEIM Ducks zone.
9:22 of 1st period - Mika Zibanejad is hit by David Savard and loses puck.
9:30 of 1st period - Icing by Kiefer Sherwood.
9:31 of 1st period - Ryan Poehling wins face-off versus Evan Rodrigues in ANAHEIM Ducks zone.
9:31 of 1st period - Ryan Poehling is hit by David Savard.
9:34 of 1st period - Nick Bonino is hit by David Savard and loses puck.
9:37 of 1st period - Shot by Arber Xhekaj.
9:37 of 1st period - Shot Blocked by David Savard.
9:39 of 1st period - Shot by Ryan Poehling.
9:39 of 1st period - Stopped by Robin Lehner with a rebound.
9:47 of 1st period - Shot by Zack Kassian.
9:47 of 1st period - Shot Misses the Net.
10:01 of 1st period - Shot by Nick Bonino.
10:01 of 1st period - Shot Blocked by David Savard.
10:03 of 1st period - Shot by Derek Forbort.
10:03 of 1st period - Shot Misses the Net.
10:05 of 1st period - Shot by Zack Kassian.
10:05 of 1st period - Stopped by Robin Lehner with a rebound.
10:12 of 1st period - Ryan Poehling is hit by David Savard and loses puck.
10:44 of 1st period - Icing by Caleb Jones.
10:45 of 1st period - Brayden Schenn wins face-off versus Evan Rodrigues in ANAHEIM Ducks zone.
11:21 of 1st period - Icing by Justin Holl.
11:22 of 1st period - Elias Lindholm wins face-off versus Nicolas Roy in ANAHEIM Ducks zone.
11:43 of 1st period - Gustav Forsling is hit by Mika Zibanejad and loses puck.
11:50 of 1st period - Thomas Chabot is hit by Alexis Lafreniere and loses puck.
12:01 of 1st period - Daniel Sprong is hit by Mika Zibanejad and loses puck.
12:11 of 1st period - Minor Penalty to Thomas Chabot for Slashing.
12:12 of 1st period - Evan Rodrigues wins face-off versus Jordan Staal in LOS ANGELES Kings zone.
12:26 of 1st period - Icing by Caleb Jones.
12:27 of 1st period - Nick Bonino wins face-off versus Evan Rodrigues in ANAHEIM Ducks zone.
13:10 of 1st period - Shot by Justin Holl.
13:10 of 1st period - Stopped by Samuel Montembeault without a rebound.
13:11 of 1st period - Nick Bonino wins face-off versus Elias Lindholm in LOS ANGELES Kings zone.
13:26 of 1st period - Shot by Alexis Lafreniere.
13:26 of 1st period - Stopped by Samuel Montembeault without a rebound.
13:27 of 1st period - Elias Lindholm wins face-off versus Nick Foligno in LOS ANGELES Kings zone.
13:50 of 1st period - Shot by Alexis Lafreniere.
13:50 of 1st period - Shot Hit the Post.
14:18 of 1st period - Shot by Colton Sissons.
14:18 of 1st period - Shot Blocked by Mats Zuccarello.
14:38 of 1st period - Shot by Colton Sissons.
14:38 of 1st period - Shot Misses the Net.
14:46 of 1st period - Shot by Colton Sissons.
14:46 of 1st period - Deflect By Daniel Sprong.
14:46 of 1st period - Shot Blocked by Thomas Chabot.
14:52 of 1st period - Shot by Daniel Sprong.
14:52 of 1st period - Stopped by Samuel Montembeault without a rebound.
14:53 of 1st period - Jordan Staal wins face-off versus Dakota Joshua in LOS ANGELES Kings zone.
15:18 of 1st period - Off-side.
15:19 of 1st period - Nicolas Roy wins face-off versus Elias Lindholm in neutral zone.
15:21 of 1st period - Thomas Chabot is hit by Alexis Lafreniere and loses puck.
15:37 of 1st period - Nicolas Roy is hit by Justin Holl and loses puck.
16:21 of 1st period - Icing by Chandler Stephenson.
16:22 of 1st period - Nicolas Roy wins face-off versus Evan Rodrigues in LOS ANGELES Kings zone.
16:26 of 1st period - Off-side.
16:27 of 1st period - Jordan Staal wins face-off versus Andrew Mangiapane in neutral zone.
16:35 of 1st period - Jordan Staal is hit by Kiefer Sherwood and loses puck.
17:02 of 1st period - Shot by Brandon Montour.
17:02 of 1st period - Shot Misses the Net.
17:04 of 1st period - Shot by Nick Foligno.
17:04 of 1st period - Goal by Nick Foligno - ANAHEIM Ducks : 1 - LOS ANGELES Kings : 2.
17:05 of 1st period - Colton Sissons wins face-off versus Brayden Schenn in neutral zone.
17:05 of 1st period - Minor Penalty to Brayden Schenn for Tripping.
17:06 of 1st period - Elias Lindholm wins face-off versus Nick Bonino in LOS ANGELES Kings zone.
17:43 of 1st period - Shot by Gustav Forsling.
17:43 of 1st period - Shot Blocked by Thomas Chabot.
17:45 of 1st period - Shot by Gustav Forsling.
17:45 of 1st period - Stopped by Samuel Montembeault without a rebound.
17:46 of 1st period - Nick Foligno wins face-off versus Evan Rodrigues in LOS ANGELES Kings zone.
18:04 of 1st period - Andrew Mangiapane is hit by Brandon Montour and loses puck.
18:09 of 1st period - Shot by Evan Rodrigues.
18:09 of 1st period - Shot Misses the Net.
18:23 of 1st period - Shot by Evan Rodrigues.
18:23 of 1st period - Shot Blocked by Brandon Montour.
18:29 of 1st period - Shot by Andrew Mangiapane.
18:29 of 1st period - Goal by Andrew Mangiapane - ANAHEIM Ducks : 2 - LOS ANGELES Kings : 2.
18:30 of 1st period - Daniel Sprong wins face-off versus Brayden Schenn in neutral zone.
18:40 of 1st period - Icing by Mats Zuccarello.
18:41 of 1st period - Dakota Joshua wins face-off versus Brayden Schenn in LOS ANGELES Kings zone.
18:41 of 1st period - Dylan Demelo is hit by Derek Forbort and loses puck.
19:17 of 1st period - Minor Penalty to Dakota Joshua for Hooking.
19:18 of 1st period - Colton Sissons wins face-off versus Jordan Staal in ANAHEIM Ducks zone.
Goals for this period are 2 for ANAHEIM Ducks vs 2 for LOS ANGELES Kings .
Shots for this period are 10 for ANAHEIM Ducks vs 6 for LOS ANGELES Kings .

2nd period


0:01 of 2nd period - Colton Sissons wins face-off versus Brayden Schenn in neutral zone.
0:24 of 2nd period - Thomas Chabot is hit by Daniel Sprong and loses puck.
0:45 of 2nd period - Shot by Mats Zuccarello.
0:45 of 2nd period - Shot Misses the Net.
0:58 of 2nd period - Icing by Mika Zibanejad.
0:59 of 2nd period - Kiefer Sherwood wins face-off versus Jordan Staal in LOS ANGELES Kings zone.
1:00 of 2nd period - Shot by Daniel Sprong.
1:00 of 2nd period - Stopped by Samuel Montembeault without a rebound.
1:01 of 2nd period - Jordan Staal wins face-off versus Kiefer Sherwood in LOS ANGELES Kings zone.
1:17 of 2nd period - Minor Penalty to David Savard for Holding.
1:18 of 2nd period - Brayden Schenn wins face-off versus Colton Sissons in ANAHEIM Ducks zone.
1:33 of 2nd period - Shot by Adam Fox.
1:33 of 2nd period - Stopped by Robin Lehner without a rebound.
1:34 of 2nd period - Jordan Staal wins face-off versus Colton Sissons in ANAHEIM Ducks zone.
2:03 of 2nd period - Shot by Jonathan Drouin.
2:03 of 2nd period - Stopped by Robin Lehner without a rebound.
2:04 of 2nd period - Kiefer Sherwood wins face-off versus Brayden Schenn in ANAHEIM Ducks zone.
2:19 of 2nd period - Shot by Mats Zuccarello.
2:19 of 2nd period - Deflect By Brayden Schenn.
2:19 of 2nd period - Shot Blocked by Justin Holl.
3:07 of 2nd period - Shot by Aaron Ekblad.
3:07 of 2nd period - Stopped by Robin Lehner without a rebound.
3:08 of 2nd period - Kiefer Sherwood wins face-off versus Jordan Staal in ANAHEIM Ducks zone.
3:28 of 2nd period - Elias Lindholm is hit by Derek Forbort and loses puck.
3:55 of 2nd period - Shot by Elias Lindholm.
3:55 of 2nd period - Deflect By Alexis Lafreniere.
3:55 of 2nd period - Shot Blocked by Nick Bonino.
4:23 of 2nd period - Gustav Forsling is hit by Nick Foligno and loses puck.
4:47 of 2nd period - Icing by Nick Foligno.
4:48 of 2nd period - Jordan Staal wins face-off versus Colton Sissons in LOS ANGELES Kings zone.
6:26 of 2nd period - Elias Lindholm is hit by Nicolas Roy and loses puck.
6:47 of 2nd period - Shot by Evan Rodrigues.
6:47 of 2nd period - Shot Blocked by Arber Xhekaj.
6:56 of 2nd period - Off-side.
6:57 of 2nd period - Jordan Staal wins face-off versus Dakota Joshua in neutral zone.
6:57 of 2nd period - Jordan Staal is hit by Dakota Joshua.
7:00 of 2nd period - Off-side.
7:01 of 2nd period - Jordan Staal wins face-off versus Evan Rodrigues in neutral zone.
7:40 of 2nd period - Evan Rodrigues is hit by Nick Foligno and loses puck.
8:31 of 2nd period - Shot by Mika Zibanejad.
8:31 of 2nd period - Shot Misses the Net.
8:37 of 2nd period - Shot by Chandler Stephenson.
8:37 of 2nd period - Shot Misses the Net.
8:39 of 2nd period - Shot by Chandler Stephenson.
8:39 of 2nd period - Stopped by Robin Lehner without a rebound.
8:40 of 2nd period - Elias Lindholm wins face-off versus Brayden Schenn in ANAHEIM Ducks zone.
9:14 of 2nd period - Derek Forbort is hit by Elias Lindholm and loses puck.
10:31 of 2nd period - Icing by Mika Zibanejad.
10:32 of 2nd period - Colton Sissons wins face-off versus Nicolas Roy in LOS ANGELES Kings zone.
10:34 of 2nd period - Daniel Sprong is hit by Thomas Chabot and loses puck.
10:40 of 2nd period - Icing by Aaron Ekblad.
10:41 of 2nd period - Dakota Joshua wins face-off versus Nicolas Roy in LOS ANGELES Kings zone.
10:47 of 2nd period - Minor Penalty to Dakota Joshua for Holding.
10:48 of 2nd period - Colton Sissons wins face-off versus Jonathan Drouin in ANAHEIM Ducks zone.
10:48 of 2nd period - Colton Sissons is hit by Jordan Staal.
11:04 of 2nd period - Shot by Adam Fox.
11:04 of 2nd period - Stopped by Robin Lehner with a rebound.
12:08 of 2nd period - Shot by Mats Zuccarello.
12:08 of 2nd period - Goal by Mats Zuccarello - ANAHEIM Ducks : 2 - LOS ANGELES Kings : 3.
12:09 of 2nd period - Elias Lindholm wins face-off versus Ryan Poehling in neutral zone.
12:13 of 2nd period - Elias Lindholm is hit by Derek Forbort and loses puck.
12:20 of 2nd period - Minor Penalty to Elias Lindholm for Hooking.
12:21 of 2nd period - Colton Sissons wins face-off versus Brayden Schenn in ANAHEIM Ducks zone.
12:34 of 2nd period - Shot by Brayden Schenn.
12:34 of 2nd period - Shot Blocked by Justin Holl.
13:18 of 2nd period - Adam Fox is hit by Kiefer Sherwood and loses puck.
13:42 of 2nd period - Shot by Daniel Sprong.
13:42 of 2nd period - Shot Blocked by Thomas Chabot.
14:28 of 2nd period - Derek Forbort is hit by Alexis Lafreniere and loses puck.
14:34 of 2nd period - Alexis Lafreniere is hit by Derek Forbort and loses puck.
14:51 of 2nd period - Shot by Ryan Poehling.
14:51 of 2nd period - Stopped by Robin Lehner without a rebound.
14:52 of 2nd period - Nicolas Roy wins face-off versus Evan Rodrigues in ANAHEIM Ducks zone.
14:55 of 2nd period - Shot by Jesse Ylonen.
14:55 of 2nd period - Shot Misses the Net.
14:57 of 2nd period - Shot by Nicolas Roy.
14:57 of 2nd period - Stopped by Robin Lehner without a rebound.
14:58 of 2nd period - Ryan Poehling wins face-off versus Colton Sissons in ANAHEIM Ducks zone.
15:01 of 2nd period - Shot by Nick Bonino.
15:01 of 2nd period - Stopped by Robin Lehner without a rebound.
15:02 of 2nd period - Ryan Poehling wins face-off versus Elias Lindholm in ANAHEIM Ducks zone.
15:16 of 2nd period - Off-side.
15:17 of 2nd period - Jordan Staal wins face-off versus Evan Rodrigues in neutral zone.
15:26 of 2nd period - Shot by Nick Foligno.
15:26 of 2nd period - Stopped by Robin Lehner without a rebound.
15:27 of 2nd period - Ryan Poehling wins face-off versus Alexis Lafreniere in ANAHEIM Ducks zone.
16:29 of 2nd period - Kiefer Sherwood is hit by Jonathan Drouin and loses puck.
16:40 of 2nd period - Icing by Brayden Schenn.
16:41 of 2nd period - Brayden Schenn wins face-off versus Dakota Joshua in LOS ANGELES Kings zone.
16:41 of 2nd period - Brayden Schenn is hit by Dakota Joshua.
17:02 of 2nd period - Brayden Schenn is hit by Dylan Demelo and loses puck.
17:14 of 2nd period - Jordan Oesterle is hit by Thomas Chabot and loses puck.
17:42 of 2nd period - Minor Penalty to Chandler Stephenson for Close Hand On Puck.
17:43 of 2nd period - Nick Bonino wins face-off versus Kiefer Sherwood in LOS ANGELES Kings zone.
17:53 of 2nd period - Icing by Elias Lindholm.
17:54 of 2nd period - Elias Lindholm wins face-off versus Nick Bonino in ANAHEIM Ducks zone.
17:59 of 2nd period - Shot by Kiefer Sherwood.
17:59 of 2nd period - Shot Misses the Net.
18:01 of 2nd period - Shot by Elias Lindholm.
18:01 of 2nd period - Stopped by Samuel Montembeault with a rebound.
18:13 of 2nd period - Shot by Kiefer Sherwood.
18:13 of 2nd period - Shot Misses the Net.
18:31 of 2nd period - Shot by Alexis Lafreniere.
18:31 of 2nd period - Stopped by Samuel Montembeault without a rebound.
18:32 of 2nd period - Jordan Staal wins face-off versus Evan Rodrigues in LOS ANGELES Kings zone.
18:32 of 2nd period - Jordan Staal is hit by Evan Rodrigues.
19:04 of 2nd period - Sonny Milano is hit by Nick Foligno.
19:08 of 2nd period - Shot by Evan Rodrigues.
19:08 of 2nd period - Shot Misses the Net.
19:10 of 2nd period - Shot by Justin Holl.
19:10 of 2nd period - Stopped by Samuel Montembeault without a rebound.
19:11 of 2nd period - Jordan Staal wins face-off versus Elias Lindholm in LOS ANGELES Kings zone.
19:17 of 2nd period - Icing by Alexis Lafreniere.
19:18 of 2nd period - Nick Bonino wins face-off versus Alexis Lafreniere in ANAHEIM Ducks zone.
19:44 of 2nd period - Elias Lindholm is hit by Adam Fox and loses puck.
19:50 of 2nd period - Jonathan Drouin is hit by Colton Sissons.
19:54 of 2nd period - Shot by Mats Zuccarello.
19:54 of 2nd period - Shot Blocked by Daniel Sprong.
19:56 of 2nd period - Shot by Brayden Schenn.
19:56 of 2nd period - Deflect By Mats Zuccarello.
19:56 of 2nd period - Goal by Mats Zuccarello - ANAHEIM Ducks : 2 - LOS ANGELES Kings : 4.
19:57 of 2nd period - Jordan Staal wins face-off versus Sam Kurker in neutral zone.
Goals for this period are 0 for ANAHEIM Ducks vs 2 for LOS ANGELES Kings .
Shots for this period are 4 for ANAHEIM Ducks vs 11 for LOS ANGELES Kings .

3rd period


0:01 of 3rd period - Nicolas Roy wins face-off versus Elias Lindholm in neutral zone.
0:04 of 3rd period - Shot by Brandon Montour.
0:04 of 3rd period - Shot Misses the Net.
0:06 of 3rd period - Shot by Chandler Stephenson.
0:06 of 3rd period - Shot Misses the Net.
0:08 of 3rd period - Shot by Brandon Montour.
0:08 of 3rd period - Shot Hit the Post.
0:11 of 3rd period - Nicolas Roy is hit by David Savard and loses puck.
0:39 of 3rd period - Mika Zibanejad is hit by David Savard and loses puck.
0:43 of 3rd period - Minor Penalty to Caleb Jones for Holding.
0:44 of 3rd period - Brayden Schenn wins face-off versus Colton Sissons in ANAHEIM Ducks zone.
1:08 of 3rd period - Shot by Thomas Chabot.
1:08 of 3rd period - Shot Misses the Net.
1:10 of 3rd period - Shot by Chandler Stephenson.
1:10 of 3rd period - Shot Misses the Net.
1:42 of 3rd period - Minor Penalty to Jordan Staal for Slashing.
1:43 of 3rd period - Mika Zibanejad wins face-off versus Dakota Joshua in LOS ANGELES Kings zone.
2:54 of 3rd period - Alexis Lafreniere is hit by Nicolas Roy.
3:10 of 3rd period - Shot by David Savard.
3:10 of 3rd period - Stopped by Samuel Montembeault without a rebound.
3:11 of 3rd period - Nicolas Roy wins face-off versus Evan Rodrigues in LOS ANGELES Kings zone.
3:26 of 3rd period - Shot by Evan Rodrigues.
3:26 of 3rd period - Shot Misses the Net.
3:28 of 3rd period - Shot by Gustav Forsling.
3:28 of 3rd period - Stopped by Samuel Montembeault without a rebound.
3:29 of 3rd period - Elias Lindholm wins face-off versus Nick Foligno in LOS ANGELES Kings zone.
3:36 of 3rd period - Shot by Caleb Jones.
3:36 of 3rd period - Shot Misses the Net.
3:38 of 3rd period - Shot by Elias Lindholm.
3:38 of 3rd period - Shot Misses the Net.
3:40 of 3rd period - Shot by Alexis Lafreniere.
3:40 of 3rd period - Shot Blocked by Aaron Ekblad.
4:04 of 3rd period - Shot by Colton Sissons.
4:04 of 3rd period - Shot Misses the Net.
4:06 of 3rd period - Shot by Justin Holl.
4:06 of 3rd period - Shot Hit the Post.
4:20 of 3rd period - Shot by Colton Sissons.
4:20 of 3rd period - Shot Misses the Net.
4:45 of 3rd period - Icing by Elias Lindholm.
4:46 of 3rd period - Brayden Schenn wins face-off versus Elias Lindholm in ANAHEIM Ducks zone.
4:59 of 3rd period - Shot by Mats Zuccarello.
4:59 of 3rd period - Stopped by Robin Lehner with a rebound.
5:42 of 3rd period - Icing by Arber Xhekaj.
5:43 of 3rd period - Brayden Schenn wins face-off versus Dakota Joshua in LOS ANGELES Kings zone.
5:58 of 3rd period - Chandler Stephenson is hit by Dakota Joshua and loses puck.
6:06 of 3rd period - Dakota Joshua is hit by Adam Fox and loses puck.
6:21 of 3rd period - Shot by Dakota Joshua.
6:21 of 3rd period - Shot Blocked by Brandon Montour.
6:23 of 3rd period - Shot by Lars Eller.
6:23 of 3rd period - Stopped by Samuel Montembeault with a rebound.
6:25 of 3rd period - Shot by Gustav Forsling.
6:25 of 3rd period - Goal by Gustav Forsling - ANAHEIM Ducks : 3 - LOS ANGELES Kings : 4.
6:26 of 3rd period - Evan Rodrigues wins face-off versus Jordan Staal in neutral zone.
6:35 of 3rd period - Thomas Chabot is hit by Jordan Oesterle and loses puck.
6:48 of 3rd period - Shot by Evan Rodrigues.
6:48 of 3rd period - Goal by Evan Rodrigues - ANAHEIM Ducks : 4 - LOS ANGELES Kings : 4.
6:49 of 3rd period - Ryan Poehling wins face-off versus Elias Lindholm in neutral zone.
6:49 of 3rd period - Brandon Montour is hit by Alexis Lafreniere and loses puck.
6:50 of 3rd period - Minor Penalty to Alexis Lafreniere for Slashing.
6:51 of 3rd period - Brayden Schenn wins face-off versus Colton Sissons in ANAHEIM Ducks zone.
7:17 of 3rd period - Shot by Thomas Chabot.
7:17 of 3rd period - Shot Misses the Net.
7:23 of 3rd period - Shot by Adam Fox.
7:23 of 3rd period - Stopped by Robin Lehner without a rebound.
7:24 of 3rd period - Kiefer Sherwood wins face-off versus Jordan Staal in ANAHEIM Ducks zone.
7:33 of 3rd period - Off-side.
7:34 of 3rd period - Colton Sissons wins face-off versus Jordan Staal in neutral zone.
7:43 of 3rd period - Shot by Jonathan Drouin.
7:43 of 3rd period - Goal by Jonathan Drouin - ANAHEIM Ducks : 4 - LOS ANGELES Kings : 5.
7:44 of 3rd period - Elias Lindholm wins face-off versus Nicolas Roy in neutral zone.
8:10 of 3rd period - Shot by Sonny Milano.
8:10 of 3rd period - Deflect By Alexis Lafreniere.
8:10 of 3rd period - Shot Misses the Net.
8:12 of 3rd period - Shot by Sonny Milano.
8:12 of 3rd period - Shot Misses the Net.
8:14 of 3rd period - Shot by Elias Lindholm.
8:14 of 3rd period - Shot Misses the Net.
8:16 of 3rd period - Shot by David Savard.
8:16 of 3rd period - Shot Misses the Net.
8:18 of 3rd period - Shot by Sonny Milano.
8:18 of 3rd period - Stopped by Samuel Montembeault without a rebound.
8:19 of 3rd period - Evan Rodrigues wins face-off versus Brayden Schenn in LOS ANGELES Kings zone.
8:23 of 3rd period - Icing by Jonathan Drouin.
8:24 of 3rd period - Brayden Schenn wins face-off versus Evan Rodrigues in LOS ANGELES Kings zone.
8:39 of 3rd period - Mats Zuccarello is hit by Justin Holl and loses puck.
8:44 of 3rd period - Shot by Brayden Schenn.
8:44 of 3rd period - Shot Misses the Net.
9:02 of 3rd period - Shot by Jonathan Drouin.
9:02 of 3rd period - Stopped by Robin Lehner with a rebound.
9:04 of 3rd period - Shot by Mats Zuccarello.
9:04 of 3rd period - Shot Misses the Net.
9:47 of 3rd period - Shot by Alexis Lafreniere.
9:47 of 3rd period - Stopped by Samuel Montembeault with a rebound.
10:18 of 3rd period - Off-side.
10:19 of 3rd period - Nick Foligno wins face-off versus Colton Sissons in neutral zone.
10:49 of 3rd period - Daniel Sprong is hit by Derek Forbort and loses puck.
10:55 of 3rd period - Daniel Sprong is hit by Derek Forbort and loses puck.
11:11 of 3rd period - Icing by Arber Xhekaj.
11:12 of 3rd period - Evan Rodrigues wins face-off versus Jordan Staal in LOS ANGELES Kings zone.
12:19 of 3rd period - Icing by Thomas Chabot.
12:20 of 3rd period - Elias Lindholm wins face-off versus Brayden Schenn in LOS ANGELES Kings zone.
12:21 of 3rd period - Shot by Sonny Milano.
12:21 of 3rd period - Deflect By Elias Lindholm.
12:21 of 3rd period - Shot Misses the Net.
13:08 of 3rd period - Off-side.
13:09 of 3rd period - Nicolas Roy wins face-off versus Dakota Joshua in neutral zone.
13:20 of 3rd period - Shot by Nicolas Roy.
13:20 of 3rd period - Shot Blocked by Dakota Joshua.
13:49 of 3rd period - Icing by Adam Fox.
13:50 of 3rd period - Evan Rodrigues wins face-off versus Nicolas Roy in LOS ANGELES Kings zone.
13:54 of 3rd period - Icing by Brandon Montour.
13:55 of 3rd period - Nicolas Roy wins face-off versus Elias Lindholm in LOS ANGELES Kings zone.
15:07 of 3rd period - Andrew Mangiapane is hit by Nick Foligno.
15:25 of 3rd period - Jesse Ylonen is hit by Justin Holl and loses puck.
15:39 of 3rd period - Icing by Justin Holl.
15:40 of 3rd period - Evan Rodrigues wins face-off versus Mats Zuccarello in ANAHEIM Ducks zone.
15:58 of 3rd period - Shot by Jonathan Drouin.
15:58 of 3rd period - Goal by Jonathan Drouin - ANAHEIM Ducks : 4 - LOS ANGELES Kings : 6.
15:59 of 3rd period - Elias Lindholm wins face-off versus Ryan Poehling in neutral zone.
16:02 of 3rd period - Derek Forbort is hit by Elias Lindholm and loses puck.
16:56 of 3rd period - Shot by Daniel Sprong.
16:56 of 3rd period - Stopped by Samuel Montembeault without a rebound.
16:57 of 3rd period - Nicolas Roy wins face-off versus Colton Sissons in LOS ANGELES Kings zone.
17:19 of 3rd period - Mika Zibanejad is hit by Jordan Oesterle and loses puck.
17:34 of 3rd period - Shot by Chandler Stephenson.
17:34 of 3rd period - Shot Misses the Net.
17:36 of 3rd period - Shot by Nicolas Roy.
17:36 of 3rd period - Stopped by Robin Lehner with a rebound.
17:38 of 3rd period - Shot by Nicolas Roy.
17:38 of 3rd period - Deflect By Mika Zibanejad.
17:38 of 3rd period - Shot Misses the Net.
17:40 of 3rd period - Shot by Chandler Stephenson.
17:40 of 3rd period - Shot Misses the Net.
17:42 of 3rd period - Shot by Chandler Stephenson.
17:42 of 3rd period - Shot Misses the Net.
17:53 of 3rd period - Minor Penalty to Aaron Ekblad for Cross-checking.
17:54 of 3rd period - Evan Rodrigues wins face-off versus Jordan Staal in LOS ANGELES Kings zone.
17:57 of 3rd period - Shot by Andrew Mangiapane.
17:57 of 3rd period - Stopped by Samuel Montembeault without a rebound.
17:58 of 3rd period - Nick Bonino wins face-off versus Alexis Lafreniere in LOS ANGELES Kings zone.
17:58 of 3rd period - Nick Bonino is hit by Elias Lindholm.
18:31 of 3rd period - Icing by David Savard.
18:32 of 3rd period - Nick Bonino wins face-off versus Elias Lindholm in ANAHEIM Ducks zone.
18:47 of 3rd period - Shot by Kiefer Sherwood.
18:47 of 3rd period - Shot Misses the Net.
18:49 of 3rd period - Shot by Elias Lindholm.
18:49 of 3rd period - Goal by Elias Lindholm - ANAHEIM Ducks : 5 - LOS ANGELES Kings : 6.
18:50 of 3rd period - Dakota Joshua wins face-off versus Mats Zuccarello in neutral zone.
19:01 of 3rd period - Brandon Montour is hit by Justin Holl and loses puck.
19:04 of 3rd period - Shot by Brayden Schenn.
19:04 of 3rd period - Shot Misses the Net.
19:06 of 3rd period - Shot by Adam Fox.
19:06 of 3rd period - Stopped by Robin Lehner without a rebound.
19:07 of 3rd period - Brayden Schenn wins face-off versus Elias Lindholm in ANAHEIM Ducks zone.
19:14 of 3rd period - Shot by Chandler Stephenson.
19:14 of 3rd period - Stopped by Robin Lehner without a rebound.
19:15 of 3rd period - Brayden Schenn wins face-off versus Elias Lindholm in ANAHEIM Ducks zone.
19:15 of 3rd period - Chandler Stephenson is hit by David Savard and loses puck.
19:22 of 3rd period - ANAHEIM Ducks , Robin Lehner is pulled from the net.
19:26 of 3rd period - Shot by Elias Lindholm.
19:26 of 3rd period - Shot Misses the Net.
19:28 of 3rd period - Shot by Caleb Jones.
19:28 of 3rd period - Shot Misses the Net.
19:30 of 3rd period - Shot by Caleb Jones.
19:30 of 3rd period - Shot Misses the Net.
19:32 of 3rd period - Shot by David Savard.
19:32 of 3rd period - Shot Misses the Net.
19:34 of 3rd period - Shot by Evan Rodrigues.
19:34 of 3rd period - Shot Misses the Net.
19:36 of 3rd period - Shot by David Savard.
19:36 of 3rd period - Shot Misses the Net.
19:38 of 3rd period - Shot by David Savard.
19:38 of 3rd period - Shot Misses the Net.
19:42 of 3rd period - Shot by Alexis Lafreniere.
19:42 of 3rd period - Stopped by Samuel Montembeault without a rebound.
19:43 of 3rd period - Brayden Schenn wins face-off versus Elias Lindholm in LOS ANGELES Kings zone.
Goals for this period are 3 for ANAHEIM Ducks vs 2 for LOS ANGELES Kings .
Shots for this period are 11 for ANAHEIM Ducks vs 8 for LOS ANGELES Kings .